cohdb
Replays
Latest Replays
All Replays
Popular Replays
Top Player Replays
Match Explorer
How It Works
Community
CoH3 Stats
Reddit
Sign in to upload your games and track your stats! →
Sign in with Steam
Match 39457272
Unlisted
Match 39457272
Overview
Messages
Build Orders
End
Construct Section Command Post
Selects Canadian Shock Battlegroup
Infantry Section
Infantry Section
Grenade Package
Selects Offensive Resupply
Selects Canadian Shock Section
Canadian Shock Section
Canadian Shock Section
Selects Incendiary Munitions
Construct Platoon Command Post
CMP 15cwt Truck
Infantry Training
Unlock Bishop Self-propelled Artillery
Selects Pyrotechnics
Forward Retreat Point
Bishop Self-propelled Artillery
Aldo Rein
Deathly_Kid
ßoo
Bittersteel
Beebo
General Kittens
珀犭
tapaslonso
0
0
Comments
sign in to comment!
No comments posted yet!